 Dungeon Crawl Stone Soup version 0.20.1-1-g8b1a95d (webtiles) character file.

641 homeworkjunkie the Chopper (level 7, 0/61 HPs)
             Began as a Hill Orc Fighter on Dec 21, 2017.
             Succumbed to an orc wizard's poison
             ... on level 6 of the Dungeon.
             The game lasted 00:06:25 (3116 turns).

homeworkjunkie the Chopper (Hill Orc Fighter)       Turns: 3116, Time: 00:06:26

Health: 0/61       AC: 10    Str: 20    XL:     7   Next: 51%
Magic:  8/8        EV:  9    Int:  8    God:
Gold:   167        SH:  9    Dex:  8    Spells: 6/6 levels left

rFire    . . .     SeeInvis .   a - +1 war axe
rCold    . . .     Gourm    .   c - +0 shield
rNeg     . . .     Faith    +   o - +0 chain mail
rPois    .         Spirit   .   (no helmet)
rElec    .         Reflect  .   (no cloak)
rCorr    .         Harm     .   h - +0 pair of gloves
MR       .....                  (no boots)
Stlth    ..........             b - amulet of faith
Regen    0.2/turn               i - +3 ring of evasion
MPRegen  0.2/turn               v - -3 ring of dexterity (curse)

@: lethally poisoned (0 -> -18)
A: no striking features
a: no special abilities


You were on level 6 of the Dungeon.
You were not hungry.

You visited 2 branches of the dungeon, and saw 7 of its levels.

You collected 167 gold pieces.

Inventory:

Hand Weapons
 a - a +1 war axe (weapon)
Armour
 c - a +0 shield (worn)
 f - a +0 pair of boots
 h - a +0 pair of gloves (worn)
 o - a +0 chain mail (worn)
Jewellery
 b - an amulet of faith (around neck)
 e - an uncursed ring of fire
 i - a +3 ring of evasion (left hand)
 j - an uncursed ring of poison resistance
 v - a cursed -3 ring of dexterity (right hand)
 w - an uncursed ring of protection from magic
Wands
 p - a wand of lightning (13/15)
Scrolls
 d - 5 scrolls of recharging
 g - 2 scrolls of teleportation
 q - a scroll of fog
 r - a scroll of immolation
Comestibles
 k - a meat ration
 m - a bread ration


   Skills:
 * Level 5.1 Fighting
 * Level 7.2 Axes
 * Level 4.3 Armour
 + Level 0.8 Dodging
 * Level 5.2 Shields
 * Level 1.5 Evocations


You had 6 spell levels left.
You didn't know any spells.

Dungeon Overview and Level Annotations

Branches:
Dungeon (6/15)             Temple (1/1) D:4

Altars:
Ashenzari
Cheibriados
Dithmenos
Elyvilon
Fedhas
Gozag
Hepliaklqana
Kikubaaqudgha
Makhleb
Nemelex Xobeh
Qazlal
Ru
Sif Muna
Trog
Uskayaw
Vehumet
Xom
Yredelemnul
Zin
The Shining One

Shops:
D:4 }

Annotations:
D:5 raph's ghost, amateur HOMo


Message History

You miss the orc wizard.
The orc wizard is almost dead.
* * * LOW HITPOINT WARNING * * *
You feel sick.
The orc wizard gestures wildly while chanting.
The orc wizard flickers and vanishes!
Deactivating autopickup; reactivate with Ctrl-A.
Something hits you but does no damage.
You are more poisoned.
You hit something.
Reactivating autopickup.
You feel a bit more experienced.
* * * LOW HITPOINT WARNING * * *
You feel sick.
* * * LOW HITPOINT WARNING * * *
You feel sick.
Things that are here:
a dagger of venom; a robe You aren't carrying any potions.
You die...

#.# ## #.# ..
#.# .# #[# .#
#.# .# ##.####.#
#<.)....#
##.######
#.###@# #...).#
........)......#
##.....#...#...#
#........... .#
.......##......
##...## ##...#
#..# #.... #..
...#


There were no monsters in sight!

Vanquished Creatures
  Menkaure (D:4)
  A water moccasin (D:5)
  A water moccasin skeleton (D:4)
  A scorpion (D:5)
  An orc priest (D:3)
  5 orc wizards
  A bullfrog skeleton (D:5)
  A worker ant (D:4)
  An adder (D:2)
  3 worms
  3 dart slugs
  A leopard gecko (D:5)
  14 orcs
  7 bats
  4 giant cockroaches
  5 goblins
  6 hobgoblins
  2 jackals (D:1)
  2 quokkas
  4 ball pythons
  6 frilled lizards
  A jackal skeleton (D:4)
  4 kobolds
  A leopard gecko skeleton (D:4)
  9 rats
85 creatures vanquished.

Notes
Turn   | Place    | Note
-------+----------+-------------------------------------------
     0 | D:1      | homeworkjunkie the Hill Orc Fighter began the quest for the Orb.
     0 | D:1      | Reached XP level 1. HP: 19/19 MP: 1/1
    76 | D:1      | Reached XP level 2. HP: 26/27 MP: 2/2
    79 | D:1      | Reached skill level 3 in Axes
   271 | D:2      | Reached XP level 3. HP: 30/33 MP: 3/3
   292 | D:3      | Reached skill level 4 in Axes
   292 | D:3      | Reached XP level 4. HP: 9/41 MP: 4/4
   536 | D:3      | Found a faded altar of an unknown god.
   704 | D:3      | Found a glowing golden altar of the Shining One.
   740 | D:4      | Found a snail-covered altar of Cheibriados.
   755 | D:4      | Reached XP level 5. HP: 41/47 MP: 5/5
  1367 | D:2      | Reached skill level 5 in Axes
  1546 | D:2      | Found an opulent altar of Gozag.
  1570 | D:2      | Found a stormy altar of Qazlal.
  1571 | D:2      | Found a sparkling altar of Nemelex Xobeh.
  1571 | D:2      | Found a shadowy altar of Dithmenos.
  1571 | D:2      | Found a blossoming altar of Fedhas.
  2047 | D:5      | Entered Level 5 of the Dungeon
  2056 | D:5      | Reached XP level 6. HP: 47/53 MP: 6/6
  2078 | D:5      | Reached skill level 6 in Axes
  2193 | D:5      | Noticed raph's ghost (amateur HOMo)
  2480 | D:4      | Found Xuiwisua's Gadget Shop.
  2483 | D:4      | Noticed Menkaure
  2485 | D:4      | Killed Menkaure
  2485 | D:4      | Reached skill level 5 in Fighting
  2485 | D:4      | Reached skill level 1 in Evocations
  2485 | D:4      | Reached XP level 7. HP: 61/61 MP: 7/7
  2508 | D:4      | Found a staircase to the Ecumenical Temple.
  2516 | Temple   | Entered the Ecumenical Temple
  2755 | D:3      | Found a burning altar of Makhleb.
  2755 | D:3      | Found an ancient bone altar of Kikubaaqudgha.
  2755 | D:3      | Found a hide-covered altar of Uskayaw.
  2755 | D:3      | Found a shattered altar of Ashenzari.
  2968 | D:5      | Reached skill level 5 in Shields
  2976 | D:5      | Reached skill level 7 in Axes
  3114 | D:6      | HP: 3/61 [poisoned by an orc wizard]
  3116 | D:6      | Succumbed to an orc wizard's poison

Skill      XL: |  1  2  3  4  5  6  7 |
---------------+----------------------+-----
Axes           | 3 4 5 6 7 |  7.2
Fighting       | 4 5 |  5.1
Shields        | 4 5 |  5.2
Armour         | 4 |  4.3
Evocations     | 1 |  1.5
Dodging        | |  0.8

Action                   |  1- 3 |  4- 6 |  7- 9 || total
-------------------------+-------+-------+-------++-------
Melee: War axe           |    59 |   191 |    38 ||   288
Evoke: Wand              |       |       |     1 ||     1
  Use: Scroll            |     2 |     8 |     2 ||    12
       Potion            |       |     2 |     2 ||     4
  Eat: Bread ration      |       |     2 |       ||     2
       Royal jelly       |       |     1 |       ||     1
Armor: Scale mail        |    25 |    12 |       ||    37
       Chain mail        |       |    97 |    19 ||   116
Dodge: Dodged            |    16 |    69 |    11 ||    96
Block: Shield            |    31 |   101 |    23 ||   155
